 Dungeon Crawl Stone Soup version 0.31-a0-986-g5e6e4ef867 (webtiles) character file.

Game seed: 15892340176814586304

4116 LeprechaunX the Mimic (level 10, -11/62 HPs)
             Began as an Octopode Shapeshifter on Nov 22, 2023.
             Was a Follower of Hepliaklqana.
             Mangled by a boulder beetle (23 damage)
             ... on level 7 of the Dungeon.
             The game lasted 00:12:15 (7953 turns).

LeprechaunX the Mimic (Octopode Shapeshifter)       Turns: 7953, Time: 00:12:16

Health: -11/62     AC:  9    Str: 15    XL:     10   Next: 26%
Magic:  16/16      EV: 12    Int: 14    God:    Hepliaklqana [*.....]
Gold:   434        SH:  4    Dex: 13    Spells: 16/18 levels left

rFire   . .          .
                       - Unarmed
rCold   . . .        r - +0 buckler
rNeg    + . .        (helmet currently unavailable)
rPois   +            w - amulet of magic regeneration
rElec   .            o - ring of see invisible
rCorr   .            u - ring of poison resistance
SInv    +            y - +4 ring of protection
Will    .....        x - ring of positive energy
Stlth   ++           k - +4 ring of protection
HPRegen 0.30/turn    (no ring)
MPRegen 0.55/turn    (no ring)
                     (no ring)

%: no passive effects
@: beast-form
A: beast (slay +4), reduced essence, almost no armour, amphibious, 8 rings,
camouflage 1, gelatinous body 1, (nimble swimmer 1), tentacles
a: Begin Untransformation, Renounce Religion, Recall Ancestor, Ancestor Identity


You were on level 7 of the Dungeon.
You worshipped Hepliaklqana.
Hepliaklqana was aware of your devotion.
You were a hulking beast.
You visited 2 branches of the dungeon, and saw 8 of its levels.

You collected 434 gold pieces.

Inventory:

Missiles
 A - 2 throwing nets
 B - a curare-tipped dart
 D - 3 boomerangs (quivered)
Armour
 r - a +0 buckler (worn)
Jewellery
 k - a +4 ring of protection (on tentacle)
 o - a ring of see invisible (left tentacle)
 u - a ring of poison resistance (right tentacle)
 w - an amulet of magic regeneration (around mantle)
 x - a ring of positive energy (on tentacle)
 y - a +4 ring of protection (on tentacle)
Talismans
 b - a beast talisman
 c - a flux talisman
Scrolls
 f - 6 scrolls of teleportation
 g - 4 scrolls of immolation
 j - a scroll of acquirement {unknown}
 l - 3 scrolls of vulnerability
 m - a scroll of fear
 n - 2 scrolls of fog {unknown}
 p - a scroll of noise {unknown}
 v - a scroll of enchant weapon {unknown}
 z - a scroll of revelation {unknown}
 C - a scroll of enchant armour {unknown}
 F - a scroll of blinking {unknown}
 G - 2 scrolls of identify
 H - a scroll of brand weapon {unknown}
Potions
 a - a potion of lignification
 d - a potion of curing {unknown}
 e - a potion of magic {unknown}
 h - a potion of haste {unknown}
 i - 2 potions of invisibility {unknown}
 q - a potion of ambrosia {unknown}
 s - a potion of berserk rage {unknown}
 t - 2 potions of attraction
 E - a potion of brilliance {unknown}


   Skills:
 + Level 6.6 Fighting
 - Level 2.0 Dodging
 - Level 6.0 Unarmed Combat
 + Level 4.5 Spellcasting
 + Level 4.9 Translocations
 * Level 9.2 Shapeshifting


You had 16 spell levels left.
You knew the following spells:

 Your Spells              Type           Power      Damage    Failure   Level
a - Blink                 Tloc           34%        N/A       4%          2

Your spell library contained the following spells:

 Spells                   Type           Power      Damage    Failure   Level
 Lesser Beckoning         Tloc           34%        N/A       4%          2
 Momentum Strike          Conj/Tloc      20%        3d8       14%         2
 Cigotuvi's Dreadful Rot  Necr/Pois/Air  6%         N/A       36%         2
 Ensorcelled Hibernation  Hex/Ice        6%         N/A       36%         2
 Jinxbite                 Hex            6%         N/A       36%         2
 Sublimation of Blood     Necr           3%         N/A       36%         2
 Frozen Ramparts          Ice            6%         1d1       58%         3
 Ignite Poison            Fire/Tmut/Pois 3%         N/A       58%         3
 Anguish                  Hex/Necr       1%         N/A       94%         4
 Petrify                  Tmut/Erth      3%         N/A       94%         4
 Freezing Cloud           Conj/Ice/Air   1%         6-21      100%        5
 Irradiate                Conj/Tmut      1%         3d12      100%        5
 Metabolic Englaciation   Hex/Ice        1%         N/A       100%        5


Dungeon Overview and Level Annotations

Branches:
Dungeon (7/15)             Temple (1/1) D:6

Altars:
Ashenzari
Cheibriados
Dithmenos
Elyvilon
Gozag
Hepliaklqana
Kikubaaqudgha
Makhleb
Nemelex Xobeh
Okawaru
Qazlal
Ru
Sif Muna
Trog
Vehumet
Wu Jian
Xom
Yredelemnul
Zin
The Shining One

Shops:
D:7 *[

Annotations:
D:3 3 runed translucent doors, ShellytheWitch's ghost, amateur KoBr
D:6 2 transporters, avis's ghost, novice FeSh


Innate Abilities, Weirdness & Mutations

You are a hulking beast.
Your limbs bulge with bestial killing power. (Slay +4)
Your life essence is reduced to manifest your ancestor. (-10% HP)
You cannot wear most types of armour.
You are amphibious.
You can wear up to eight rings at the same time.
Your skin changes colour to match your surroundings (Stealth+).
Your rubbery body absorbs attacks. (AC +1, EV +1)
((You are camouflaged when in or above water. (Stealth+)))
You have tentacles for arms and can constrict up to eight enemies at once.


Message History

Throw: 3 boomerangs
Press: ? - help, Q - select action, (/) - cycle Shift-Dir - straight line, f/p - boulder beetle
Aim: a boulder beetle (90% to hit)
You throw a boomerang.
The boomerang hits the boulder beetle but does no damage.
There is an open door here.
You see here an iguana skeleton.
You close the door.
You see here an iguana skeleton.
Things that are here:
a +0 flail; an orc skeleton A wight breaks down the door.
The boulder beetle curls into a ball and begins rolling!
There is an open door here.
The boulder beetle hits you but does no damage.
The boulder beetle stops rolling and uncurls.
You tentacle-slap the boulder beetle.
You tentacle-slap the boulder beetle, but do no damage.
The boulder beetle is lightly wounded.
The boulder beetle misses you.
You tentacle-slap the boulder beetle. You squeeze the boulder beetle.
The boulder beetle is lightly wounded.
The boulder beetle bites you!
The boulder beetle curls into a ball and begins rolling!
You block the boulder beetle's attack.
The boulder beetle stops rolling and uncurls.
The boulder beetle attacks as it pursues you!
The boulder beetle bites you!
Casting: Blink (safe; 4% risk of failure)
Confirm with . or Enter, or press ? or * to list all spells.
You blink.
The boulder beetle curls into a ball and begins rolling!
You feel ready to blink again. The boulder beetle hits you.
The boulder beetle stops rolling and uncurls.
The boulder beetle bites you!
* * * LOW HITPOINT WARNING * * *
The boulder beetle attacks as it pursues you!
The boulder beetle bites you!!
You die...

##...........###..........
#.............###.........
###.........................
##...........................
#............................
##<....#....^.........[......
##...##............).##.....
#..###.....B.......##...#..
#####.....h#...........##..
#>......#...............
##.................###..
##.........z.......##)#
#.....................
###.########.########.
#..#♣♣z..........♣♣##
##.#♣.###########.♣#
##.#..'°....z)÷÷'..#


You could see a boulder beetle.

Vanquished Creatures
  A two-headed ogre (D:7)
  Prince Ribbit (D:7)
  A steam dragon (D:6)
  2 water moccasins
  2 black bears
  An orc warrior (D:6)
  An ice beast (D:5)
  3 sky beasts
  A centaur (D:6)
  3 kobold brigands
  A bullfrog (D:6)
  2 gnoll sergeants
  5 scorpions
  5 wights (D:6)
  A howler monkey (D:6)
  8 hounds
  A jelly (D:5)
  4 orc priests
  2 sleepcaps (D:7)
  Jessica (D:2)
  7 iguanas
  10 orc wizards
  13 gnolls
  8 adders
  2 white imps (D:7)
  6 ufetubi
  3 worms
  7 dart slugs
  25 orcs
  6 ball pythons
  6 endoplasms
  5 giant cockroaches
  4 goblins
  5 hobgoblins
  11 jackals
  9 quokkas
  6 bats
  5 frilled lizards
  10 kobolds
  7 rats
201 creatures vanquished.

Vanquished Creatures (others)
  An ancestor (D:7)
1 creature vanquished.

Grand Total: 202 creatures vanquished

Notes
Turn   | Place    | Note
-------+----------+-------------------------------------------
     0 | D:1      | LeprechaunX the Octopode Shapeshifter began the quest for
                  | the Orb.
     0 | D:1      | Reached XP level 1. HP: 13/13 MP: 1/1
    79 | D:1      | Reached XP level 2. HP: 18/18 MP: 2/2
   700 | D:1      | Reached XP level 3. HP: 23/23 MP: 3/3
  1014 | D:2      | Identified the +0 scale mail of Cacoizah {*Corrode rF+
                  | Str+3}
  1132 | D:2      | Reached XP level 4. HP: 28/29 MP: 4/4
  1166 | D:2      | Noticed Jessica
  1175 | D:2      | Killed Jessica
  1176 | D:2      | Reached skill level 4 in Shapeshifting
  1794 | D:3      | Found a faded altar of an unknown god.
  2008 | D:3      | Reached XP level 5. HP: 29/35 MP: 5/5
  2096 | D:3      | HP: 1/35 [orc wizard/magic dart (9)]
  2254 | D:3      | Found a runed translucent gate.
  2255 | D:3      | Found a runed translucent gate.
  2255 | D:3      | Found an opulent altar of Gozag.
  2255 | D:3      | Found a runed translucent gate.
  2256 | D:3      | Noticed ShellytheWitch's ghost (amateur KoBr)
  2516 | D:3      | Reached XP level 6. HP: 36/41 MP: 6/6
  2716 | D:4      | Noticed a black bear
  2721 | D:4      | Killed a black bear
  2722 | D:4      | Reached skill level 5 in Shapeshifting
  3102 | D:4      | Reached XP level 7. HP: 46/46 MP: 7/7
  3114 | D:4      | Found a white marble altar of Elyvilon.
  3119 | D:4      | Found a radiant altar of Vehumet.
  3126 | D:4      | Found a bloodstained altar of Trog.
  3627 | D:5      | Entered Level 5 of the Dungeon
  4210 | D:5      | Reached skill level 5 in Unarmed Combat
  4210 | D:5      | Reached skill level 6 in Shapeshifting
  4259 | D:5      | Learned a level 2 spell: Blink
  4269 | D:5      | Identified the +6 falchion "Ocostreang" {freeze, rF+ Will+
                  | Str-4 Dex+3}
  4512 | D:5      | Reached XP level 8. HP: 54/54 MP: 7/9
  4581 | D:5      | Reached skill level 1 in Spellcasting
  4581 | D:5      | Reached skill level 1 in Translocations
  5504 | D:6      | Reached skill level 7 in Shapeshifting
  5546 | D:6      | Found a staircase to the Ecumenical Temple.
  5549 | D:6      | Found a transporter.
  5553 | Temple   | Entered the Ecumenical Temple
  5562 | Temple   | Became a worshipper of Hepliaklqana the Forgotten
  5578 | D:6      | Found a transporter.
  5578 | D:6      | Noticed avis's ghost (novice FeSh)
  5579 | D:6      | Noticed a yak
  5796 | D:6      | Reached skill level 5 in Fighting
  5796 | D:6      | Reached XP level 9. HP: 16/61 MP: 12/12
  6045 | D:6      | HP: 3/61 [wight/+5 long sword (11)]
  6359 | D:6      | Identified the staff "Mumosch" {rElec rN+ Will+ Int-2 Conj}
  6559 | D:6      | Reached skill level 8 in Shapeshifting
  6863 | D:7      | Found Ybif Vogi's Armour Shop.
  7126 | D:7      | Found Gedex's Lightly-Used Armoury.
  7150 | D:7      | Noticed Prince Ribbit
  7270 | D:7      | Killed Prince Ribbit
  7358 | D:7      | Reached * piety under Hepliaklqana
  7590 | D:7      | Reached XP level 10. HP: 49/61 MP: 16/16
  7841 | D:7      | Noticed a boulder beetle
  7841 | D:7      | Noticed a two-headed ogre
  7865 | D:7      | Killed a two-headed ogre
  7866 | D:7      | Reached skill level 9 in Shapeshifting
  7953 | D:7      | Mangled by a boulder beetle

Illustrated notes

Levels and vault maps discovered:
D:1:      wander_arrival_lonely_grave, layout_basic
D:2:      minmay_alternating_diamond, layout_basic, minmay_pentomino_pile,
          uniq_jessica
D:3:      layout_loops_cross, ebering_ghost_gozag,
          shapermc_ecumenical_altar_flowoftime
D:4:      layout_basic, grunt_temple_overflow_diamond
D:5:      layout_loops_corners, grunt_ministairs_9, minmay_between
D:6:      layout_loops_ring, minmay_temple_entry_statues_pillars,
          gammafunk_ghost_arena, st_stairs_9
D:7:      nzn_winding_woodlands_three_and_one [nzn_winding_woodlands_5x15_cabin,
          nzn_winding_woodlands_5x15_jagged,
          nzn_winding_woodlands_5x15_longhouse,
          nzn_winding_woodlands_center_garden], layout_cave_pools, serial_shops,
          nicolae_shop_tiny_statue_garden, hangedman_abyss_or_decor_stabs,
          minmay_shop_damaged, uniq_prince_ribbit1
Temple:   sentei_temple_godly_chess

Skill      XL: |  1  2  3  4  5  6  7  8  9 10 |
---------------+-------------------------------+-----
Fighting       | 2 3 4 5 6 |  6.6
Shapeshifting  | 4 5 6 7 8 9 |  9.2
Unarmed Combat | 4 5 6 |  6.0
Spellcasting   | 2 4 |  4.5
Translocations | 2 4 |  4.9
Dodging        | |  2.0

Action                     |  1- 3 |  4- 6 |  7- 9 | 10-12 || total
---------------------------+-------+-------+-------+-------++-------
  Melee: Unarmed           |    69 |   109 |   289 |    28 ||   495
         Constrict         |    20 |    32 |    74 |     3 ||   129
         Tentacles         |    11 |    21 |    79 |     6 ||   117
         Punch             |     1 |     2 |    15 |     1 ||    19
  Throw: Dart              |       |       |     1 |     1 ||     2
         Boomerang         |       |       |       |     5 ||     5
   Cast: Blink             |       |       |     1 |     1 ||     2
    Use: Scroll            |       |       |     5 |       ||     5
   Stab: Sleeping          |     4 |    15 |     6 |     1 ||    26
 Armour: Skin              |    32 |    36 |   160 |    16 ||   244
  Dodge: Dodged            |    45 |    54 |   145 |     8 ||   252
  Block: Buckler           |       |     6 |    43 |     6 ||    55

Table legend: (Time is in decaauts)
 A = Elapsed time spent in this place.
 B = Non-inter-level travel time spent in this place.
 C = Inter-level travel time spent in this place.
 D = Time resting spent in this place.
 E = Time spent auto-exploring this place.
 F = Levels seen in this place.
 G = Mean time per level.
                   A        B        C        D        E       F      G
               +--------+--------+--------+--------+--------+-----+--------+
         Total |   7928 |   7587 |    341 |    810 |   5398 |   8 |  991.0 |
       Dungeon |   7780 |   7455 |    325 |    683 |   5398 |   7 | 1111.4 |
        Temple |    148 |    132 |     16 |    127 |      0 |   1 |  148.0 |
               +--------+--------+--------+--------+--------+-----+--------+

Top non-repeatable levels by time:
     D:5: 1731 daAuts
     D:6: 1300 daAuts
     D:4: 1052 daAuts
     D:7: 995 daAuts
     D:3: 952 daAuts
     D:1: 882 daAuts
     D:2: 865 daAuts
  Temple: 148 daAuts
